 Dungeon Crawl Stone Soup version 0.30-a0-377-g5cb311bc9f (webtiles) character file.

Game seed: 15705452831653974553

28 mopl the Caller (level 3, -3/21 HPs)
             Began as an Octopode Summoner on Nov 28, 2022.
             Killed from afar by Terence (9 damage)
             ... with a puff of flame
             ... on level 2 of the Dungeon.
             The game lasted 00:01:07 (760 turns).

mopl the Caller (Octopode Summoner)                  Turns: 760, Time: 00:01:07

Health: -3/21      AC:  1    Str:  7    XL:     3   Next: 14%
Magic:  5/7        EV: 13    Int: 19    God:
Gold:   22         SH:  0    Dex: 12    Spells: 1/7 levels left

rFire   . . .      SeeInvis .    i - +0 short sword
rCold   . . .      Faith    .    (no shield)
rNeg    + . .      Spirit   .    (helmet restricted)
rPois   .          Reflect  .    (no amulet)
rElec   .          Harm     .    d - ring of positive energy
rCorr   .          Rampage  .    (no ring)
Will    .....                    (no ring)
Stlth   +++.......               (no ring)
HPRegen 0.23/turn                (no ring)
MPRegen 0.10/turn                (no ring)
                                 (no ring)
                                 (no ring)

@: no status effects
A: almost no armour, amphibious, 8 rings, camouflage 1, gelatinous body 1,
(nimble swimmer 1), tentacles
a: no special abilities


You were on level 2 of the Dungeon.
You visited 1 branch of the dungeon, and saw 2 of its levels.

You collected 22 gold pieces.

Inventory:

Hand Weapons
 i - a +0 short sword (weapon)
Jewellery
 d - a ring of positive energy (left tentacle)
Scrolls
 f - 2 scrolls of identify {unknown}
 g - a scroll of noise {unknown}
 h - 2 scrolls of magic mapping {unknown}
 k - a scroll of silence {unknown}
 l - a scroll of poison {unknown}
Potions
 a - a potion of magic
 b - 3 potions of degeneration {unknown}
 c - 2 potions of attraction {unknown}
 e - a potion of heal wounds {unknown}
 j - a potion of curing {unknown}


   Skills:
 - Level 2.0 Dodging
 - Level 2.6 Stealth
 + Level 2.7 Spellcasting
 + Level 4.5 Summonings


You had one spell level left.
You knew the following spells:

 Your Spells              Type           Power      Damage    Failure   Level
a - Summon Small Mammal   Summ           76%        N/A       2%          1
b - Call Imp              Summ           19%        N/A       3%          2
c - Call Canine Familiar  Summ           19%        N/A       8%          3

Your spell library contained the following spells:

 Spells                   Type           Power      Damage    Failure   Level
 Summon Guardian Golem    Hex/Summ       11%        N/A       19%         3
 Summon Lightning Spire   Summ/Air       11%        N/A       52%         4


Dungeon Overview and Level Annotations

Branches:
Dungeon (2/15)

Altars:

Annotations:
D:2 Terence


Innate Abilities, Weirdness & Mutations

You cannot wear most types of armour.
You are amphibious.
You can wear up to eight rings at the same time.
Your skin changes colour to match your surroundings (Stealth+).
Your rubbery body absorbs attacks. (AC +1, EV +1)
((You are camouflaged when in or above water. (Stealth+)))
You have tentacles for arms and can constrict up to eight enemies at once.


Message History

No target in view!
No target in view!
l - a scroll labelled ETINNEDOQU You open the door.
A goblin comes into view. It is wielding a +0 dagger.
There is an open door here.
Found a small moonstone ring.
The goblin shouts!
The goblin unwields a +0 dagger.
The goblin wields a +0 sling.
The goblin shoots a sling bullet.
The sling bullet misses you.
An endoplasm comes into view.
You hear a shout!
The goblin unwields a +0 sling.
The goblin wields a +0 dagger.
The goblin misses you.
Terence the Incautious comes into view.
He is wielding a +0 mace and carrying a wand of flame (14).
You hit the goblin. Your grab misses the goblin.
The goblin is moderately wounded.
The goblin closely misses you.
You hit the goblin. Your grab misses the goblin. You squeeze the goblin.
You kill the goblin!
Things that are here:
a +0 dagger; a +0 sling Terence misses you.
You hit Terence. Your grab misses Terence. You squeeze Terence.
Terence is lightly wounded.
Terence zaps a wand.
The puff of flame hits you!
Ouch! That really hurt!
You are too injured to fight recklessly!
You are too injured to fight recklessly!
Unknown command.
Unknown command.
Casting: Call Imp (safe; 3% risk of failure)
Confirm with . or Enter, or press ? or * to list all spells.
A beastly little devil appears in a puff of flame.
Terence hits you with a +0 mace.
* * * LOW HITPOINT WARNING * * *
Terence attacks as you move away! Terence closely misses you.
Your crimson imp blinks!
Terence zaps a wand.
The puff of flame hits you!
You die...

##### #### ##ยง..####
#####...
##.......###.##..##
#.@.....5.##.#...##
......@.........'.......)
....###.........##.......
.. ##=......######..##
##.....## ##.# ##...##
.... ##'## ##.#. #.# ##.
#


You could see Terence (ally target) and a friendly crimson imp (summoned).

Vanquished Creatures
  A dart slug (D:1)
  2 bats (D:1)
  An endoplasm (D:1)
  2 hobgoblins (D:1)
  4 jackals (D:1)
  3 kobolds
  A quokka (D:1)
  2 ball pythons (D:1)
  2 frilled lizards (D:1)
  3 goblins
  2 rats (D:1)
23 creatures vanquished.

Notes
Turn   | Place    | Note
-------+----------+-------------------------------------------
     0 | D:1      | mopl the Octopode Summoner began the quest for the Orb.
     0 | D:1      | Reached XP level 1. HP: 11/11 MP: 3/3
   121 | D:1      | Reached XP level 2. HP: 14/17 MP: 5/5
   124 | D:1      | Learned a level 2 spell: Call Imp
   475 | D:1      | Found a faded altar of an unknown god.
   488 | D:1      | Reached XP level 3. HP: 12/21 MP: 6/6
   506 | D:1      | Learned a level 3 spell: Call Canine Familiar
   753 | D:2      | Noticed Terence
   760 | D:2      | Killed from afar by Terence

Illustrated notes

Levels and vault maps discovered:
D:1:      saegor_arrival_under_anarchy, layout_loops_cross,
          hellmonk_ecumenical_altar_arch_garden
D:2:      kb_forest_paths, layout_loops_corners, uniq_terence, uniq_sigmund

Action                   || total
-------------------------++-------
Melee: Unarmed           ||    28
       Constrict         ||    16
       Tentacles         ||    11
       Short sword       ||    23
 Cast: Call Imp          ||     1
 Stab: Sleeping          ||     4
Armor: Skin              ||     1
Dodge: Dodged            ||    33

Table legend: (Time is in decaauts)
 A = Elapsed time spent in this place.
 B = Non-inter-level travel time spent in this place.
 C = Inter-level travel time spent in this place.
 D = Time resting spent in this place.
 E = Time spent auto-exploring this place.
 F = Levels seen in this place.
 G = Mean time per level.
                   A        B        C        D        E       F      G
               +--------+--------+--------+--------+--------+-----+--------+
         Total |    758 |    735 |     23 |     38 |    531 |   2 |  379.0 |
       Dungeon |    758 |    735 |     23 |     38 |    531 |   2 |  379.0 |
               +--------+--------+--------+--------+--------+-----+--------+

Top non-repeatable levels by time:
     D:1: 711 daAuts
     D:2: 47 daAuts
